 Dungeon Sprint DCSS version 0.22.1-1-ga44c0e56f4 (webtiles) character file.

42567 KleinerIrrer the Peltast (level 13, -30/117 HPs)
             Began as a Demonspawn Fighter on Nov 1, 2018.
             Was an Initiate of Gozag.
             Annihilated by Zidwaj the pandemonium lord (41 damage)
             ... in the Dungeon (Sprint V: "Ziggurat Sprint").
             The game lasted 00:18:51 (1965 turns).

KleinerIrrer the Peltast (Demonspawn Fighter)       Turns: 1965, Time: 00:18:51

Health: -30/117    AC: 32    Str: 28    XL:     13   Next: 86%
Magic:  38/38      EV:  8    Int: 14    God:    Gozag
Gold:   2396       SH: 35    Dex: 18    Spells: 35/37 levels left

rFire    + . .     SeeInvis .   s - +7 Screaming Sword
rCold    + + .     Gourm    .   r - +18 shield of the Gong {rElec rN+ MR+ EV-5}
rNeg     + . .     Faith    .   a - +9 scales of the Dragon King {rPois rF+ rC+ MR+}
rPois    +         Spirit   .   (helmet unavailable)
rElec    +         Reflect  .   S - +2 cloak {+Inv}
rCorr    .         Harm     .   (no gloves)
MR       ++...     NoTele   +   (no boots)
Stlth    ..........             (no amulet)
HPRegen  0.29/turn              Q - ring "Qeosoun" {rC+ MP+9 Slay+6}
MPRegen  0.26/turn              z - +6 ring of strength

@: mighty, agile, berserk cooldown, flying, hasted and slowed, studying
Necromancy
A: horns 3, repulsion field 1, spiny 1, rot immunity
a: Potion Petition, Call Merchant, Bribe Branch, Renounce Religion, Evoke
Invisibility


You were in the Dungeon.
You worshipped Gozag.
Gozag was most pleased with you.
You were not hungry.

You visited 1 branch You collected 8019 gold pieces.
You paid 5623 gold pieces to Gozag.

Inventory:

Hand Weapons
 s - the +7 Screaming Sword (weapon)
   (You found it in the Dungeon)
 t - the +8 lance "Wyrmbane" {slay drac, rPois rF+ rC+ AC+3}
   (You found it in the Dungeon)

   It affects your AC (+3).
   It protects you from fire.
   It protects you from cold.
   It protects you from poison.
 W - the +3 Elemental Staff {rElec rF++ rC++ MR++ AC+5}
   (You found it in the Dungeon)

   It affects your AC (+5).
   It greatly protects you from fire.
   It greatly protects you from cold.
   It insulates you from electricity.
   It affects your resistance to hostile enchantments.
Armour
 a - the +9 scales of the Dragon King (worn) {rPois rF+ rC+ MR+}
   (You found it in the Dungeon)

   It protects you from fire.
   It protects you from cold.
   It protects you from poison.
   It affects your resistance to hostile enchantments.
 b - +5 gold dragon scales
 q - the +15 Maxwell's patent armour {-Cast -Tele rElec MR+ rCorr}
   (You found it in the Dungeon)

   It insulates you from electricity.
   It affects your resistance to hostile enchantments.
   It prevents spellcasting.
   It prevents most forms of teleportation.
   It provides partial protection from all sources of acid and corrosion.
 r - the +18 shield of the Gong (worn) {rElec rN+ MR+ EV-5}
   (You found it in the Dungeon)

   It affects your evasion (-5).
   It insulates you from electricity.
   It protects you from negative energy.
   It affects your resistance to hostile enchantments.
 S - a +2 cloak of invisibility (worn)
Magical Staves
 D - an uncursed staff of energy
 O - an uncursed staff of conjuration
 P - an uncursed staff of wizardry
Jewellery
 c - an uncursed ring of protection from fire
 u - a +6 ring of dexterity
 v - a +6 ring of dexterity
 w - a +6 ring of intelligence
 x - a +6 ring of intelligence
 y - a +6 ring of strength
 z - a +6 ring of strength (right hand)
 F - an uncursed ring of flight
 M - an uncursed ring of wizardry
 Q - the ring "Qeosoun" (left hand) {rC+ MP+9 Slay+6}
   (You found it in the Dungeon)

   [ring of magical power]

   It affects your accuracy and damage with ranged weapons and melee attacks
   (+6).
   It protects you from cold.
   It affects your magic capacity (+9).
 T - an uncursed ring of fire
 X - the ring of Vacitoh {rCorr rF+ rN+ Str-3}
   (You took it off a vault guard in the Dungeon)

   [ring of resist corrosion]

   It affects your strength (-3).
   It protects you from fire.
   It protects you from negative energy.
Wands
 A - a wand of disintegration (7)
 B - a wand of iceblast (5)
 C - a wand of acid (6)
Scrolls
 k - 4 scrolls of blinking
 H - 4 scrolls of amnesia
 I - 7 scrolls of fog
 J - 5 scrolls of identify
 K - 5 scrolls of remove curse
 L - 2 scrolls of fear
 U - 3 scrolls of brand weapon
Potions
 d - 7 potions of might
 e - 10 potions of curing
 h - 13 potions of haste
 i - 7 potions of magic
 j - 3 potions of berserk rage
 l - 2 potions of brilliance
 m - 2 potions of invisibility
 n - 3 potions of resistance
 o - a potion of experience
 p - 5 potions of agility
Books
 Y - a manual of Necromancy
Miscellaneous
 E - a crystal ball of energy
 G - a lightning rod (2/4)
 N - a lamp of fire
 R - 4 sacks of spiders
 V - a box of beasts
 Z - a phial of floods
Comestibles
 f - 6 rations


   Skills:
 + Level 15.7 Fighting
 - Level 1.7 Long Blades
 + Level 15.1 Armour
 + Level 20.0 Shields
 * Level 12.5 Spellcasting
 * Level 10.1 Air Magic
 + Level 12.2 Evocations


You had 35 spell levels left.
You knew the following spells:

 Your Spells              Type           Power        Failure   Level  Hunger
a - Swiftness             Chrm/Air       ###.....     28%         2    None

Your spell library contained the following spells:

 Spells                   Type           Power        Failure   Level  Hunger
 Poisonous Vapours        Pois/Air       ###...       28%         2    None
 Static Discharge         Conj/Air       ###.....     50%         3    None
 Mephitic Cloud           Conj/Pois/Air  ###.....     75%         3    None
 Beastly Appendage        Tmut           #.....       83%         1    None
 Confusing Touch          Hex            #.....       83%         1    None
 Magic Dart               Conj           #...         83%         1    None
 Summon Butterflies       Summ           #.......     83%         1    None
 Blink                    Tloc           N/A          93%         2    None
 Call Imp                 Summ           #.......     93%         2    None
 Corpse Rot               Necr           N/A          93%         2    None
 Passwall                 Tmut/Erth      #.......     93%         2    None
 Slow                     Hex            #.......     93%         2    None
 Sticks to Snakes         Tmut           #.......     93%         2    None
 Sublimation of Blood     Necr           #.........   93%         2    None
 Call Canine Familiar     Summ           #.......     99%         3    None
 Confuse                  Hex            #.......     99%         3    None
 Conjure Flame            Conj/Fire      #.......     99%         3    None
 Gell's Gravitas          Tloc           #.........   99%         3    None
 Ignite Poison            Fire/Tmut/Pois #.......     99%         3    None
 Recall                   Summ/Tloc      N/A          99%         3    None
 Spider Form              Tmut/Pois      #.........   99%         3    None
 Stone Arrow              Conj/Erth      #.....       99%         3    None
 Lightning Bolt           Conj/Air       ###.......   99%         5    #####..
 Silence                  Hex/Air        ###.......   99%         5    #####..
 Animate Dead             Necr           N/A          100%        4    ###....
 Ice Form                 Ice/Tmut       #.......     100%        4    ###....
 Leda's Liquefaction      Hex/Erth       #.........   100%        4    ###....
 Olgreb's Toxic Radiance  Pois           #.......     100%        4    ###....
 Passage of Golubria      Tloc           N/A          100%        4    ###....
 Petrify                  Tmut/Erth      #.......     100%        4    ###....
 Summon Ice Beast         Ice/Summ       #.......     100%        4    ###....
 Agony                    Necr           #.......     100%        5    #####..
 Aura of Abjuration       Summ           #.........   100%        5    #####..
 Blade Hands              Tmut           #.........   100%        5    #####..
 Bolt of Draining         Conj/Necr      #.........   100%        5    #####..
 Borgnjor's Vile Clutch   Necr/Erth      #.........   100%        5    #####..
 Dispel Undead            Necr           #.......     100%        5    #####..
 Excruciating Wounds      Chrm/Necr      #.........   100%        5    #####..
 Lee's Rapid Deconstruct  Erth           #.........   100%        5    #####..
 Metabolic Englaciation   Hex/Ice        #.........   100%        5    #####..
 Summon Demon             Summ           #.........   100%        5    #####..
 Summon Forest            Summ/Tloc      #.........   100%        5    #####..
 Summon Mana Viper        Hex/Summ       #.......     100%        5    #####..
 Venom Bolt               Conj/Pois      #.........   100%        5    #####..
 Yara's Violent Unravell  Hex/Tmut       #.........   100%        5    #####..
 Darkness                 Hex            #.........   100%        6    ######.
 Death Channel            Necr           #.........   100%        6    ######.
 Deflect Missiles         Chrm/Air       ###.......   100%        6    ######.
 Freezing Cloud           Conj/Ice/Air   ###.......   100%        6    ######.
 Hydra Form               Tmut           #.........   100%        6    ######.
 Invisibility             Hex            #.......     100%        6    ######.
 Shadow Creatures         Summ           N/A          100%        6    ######.
 Simulacrum               Ice/Necr       #.........   100%        6    ######.
 Ring of Flames           Chrm/Fire      #.........   100%        7    #######
 Summon Hydra             Summ           #.........   100%        7    #######
 Ignition                 Fire           #.........   100%        8    #######
 Dragon's Call            Summ           #.........   100%        9    #######
 Shatter                  Erth           #.........   100%        9    #######
 Tornado                  Air            #####.....   100%        9    #######


Dungeon Overview and Level Annotations

Branches:
Dungeon (1/1)

Altars:
Ashenzari
Cheibriados
Dithmenos
Elyvilon
Fedhas
Gozag
Hepliaklqana
Kikubaaqudgha
Makhleb
Nemelex Xobeh
Okawaru
Qazlal
Ru
Sif Muna
Trog
Uskayaw
Vehumet
Wu Jian
Xom
Yredelemnul
Zin
The Shining One
Beogh
Jiyva
Lugonu


Innate Abilities, Weirdness & Mutations

You have a pair of large horns on your head.
You are surrounded by a mild repulsion field. (EV +2)
You are partially covered in sharp spines.
You are immune to rotting.


Message History

Zidwaj sneers, "Out, out lest death find thee!"
You block Zidwaj's attack.
GONNNNG!
You block Zidwaj's attack.
GONNNNG!
The Screaming Sword howls with insane laughter!
Zidwaj is hurt by the noise.
You block Zidwaj's attack.
PANG!
Found seven items.
You slice Zidwaj!! Your headbutt misses Zidwaj.
Zidwaj is severely wounded.
The Screaming Sword screams, "I WAS FORGED TO MURDER THE WORLD!"
Zidwaj is hurt by the noise.
Zidwaj hits you!!
* * * LOW HITPOINT WARNING * * *
You block Zidwaj's attack.
PANG!
Zidwaj hits you but does no damage. Zidwaj is struck by your spines.
Zidwaj hits you!!!
You die...
Your body crumbles into a pile of gold.

▓.8©8.▓.8
▓..=})|[[|..▓▓.....▓.)
▓..=:)}[[[..▓▓..)..▓..
▓...........▓▓.....▓..
▓.......$...▓▓.....▓..
▓...........▓▓.....▓..
▓...........▓▓..©..▓..
▓......$....▓▓▓▓▓▓▓▓▓▓
▓..▓.@&..▓.$▓..8©8...▓
▓.......$$$.▓..).....▓
▓.....©..$$.▓...[....▓
▓▓▓▓▓▓▓▓▓▓▓▓▓........▓
▓....8©8....▓........▓
▓...[.)..}..▓.▓....▓.▓
▓...[}).....▓...©....▓
▓...........▓▓▓▓▓▓▓▓▓▓
▓...........▓...8©8...


You could see Zidwaj.

Vanquished Creatures
  A pandemonium lord (D)
  2 shadow dragons (D)
  A ghoul (D)
  A spriggan defender (D)
  A blood saint (D)
  A dire elephant (D)
  A deep elf death mage (D)
  10 vault guards (D)
  2 spriggan air magi (D)
  4 satyrs (D)
  3 hell hogs (D)
  A death yak (D)
  2 spriggan berserkers (D)
  5 soul eaters (D)
  A spriggan druid (D)
  A gelid demonspawn (D)
  A shambling mangrove (D)
  A deep elf mage (D)
  A cyclops (D)
  A shining eye (D)
  2 eyes of devastation (D)
  A spiny frog (D)
  A tormentor (D)
  2 efreet (D)
  2 yaktaurs (D)
  3 hellwings (D)
  3 merfolk (D)
  A jumping spider (D)
  2 hippogriffs (D)
  A hornet (D)
  A wyvern (D)
  A yak (D)
  2 spriggans (D)
  3 fire elementals (D)
  A neqoxec (D)
  A naga (D)
  A water moccasin (D)
  A floating eye (D)
  4 black bears (D)
  An orc warrior (D)
  2 centaurs (D)
  5 wolves (D)
  2 crocodiles (D)
  An earth elemental (D)
  3 scorpions (D)
  2 jellies (D)
  An orc priest (D)
  2 orc wizards (D)
  2 adders (D)
  An ooze (D)
  A spectral adder (D)
  2 adder skeletons (D)
  2 orcs (D)
  A spectral bat (D)
  2 bat skeletons (D)
  A bat zombie (D)
  2 leopard gecko skeletons (D)
  A quokka skeleton (D)
  2 spectral giant cockroaches (D)
  A spectral jackal (D)
  A spectral leopard gecko (D)
  A fire vortex (D)
113 creatures vanquished.

Vanquished Creatures (collateral kills)
  A cacodemon (D)
  2 hellwings (D)
3 creatures vanquished.

Vanquished Creatures (others)
  A pandemonium lord (D)
  A green death (D)
  A dancing weapon (D)
  A fire vortex (D)
4 creatures vanquished.

Grand Total: 120 creatures vanquished

Notes
Turn   | Place    | Note
-------+----------+-------------------------------------------
     0 | D        | Found the +6 Majin-Bo {vamp, Archmagi MP+6 Int+6}
     0 | D        | Found the +7 great mace "Firestarter" {inner flame, rF++}
     0 | D        | KleinerIrrer the Demonspawn Fighter began the quest for the
                  | Orb.
     0 | D        | Reached XP level 1. HP: 18/18 MP: 1/1
     0 | D        | Found a deep blue altar of Sif Muna.
     0 | D        | Found a sacrificial altar of Ru.
     0 | D        | Found a bloodstained altar of Trog.
     0 | D        | Found a stormy altar of Qazlal.
     0 | D        | Found an iron altar of Okawaru.
     0 | D        | Found a sparkling altar of Nemelex Xobeh.
     0 | D        | Found a blossoming altar of Fedhas.
     2 | D        | Found an ancient bone altar of Kikubaaqudgha.
     2 | D        | Found a transporter.
     2 | D        | Found a corrupted altar of Lugonu.
     2 | D        | Found a viscous altar of Jiyva.
     2 | D        | Found a burning altar of Makhleb.
     2 | D        | Found a hazy altar of Hepliaklqana.
     2 | D        | Found an opulent altar of Gozag.
     8 | D        | Found the +9 heavy crossbow "Sniper" {velocity, Acc+∞ SInv}
     8 | D        | Found the +10 dark maul {crush}
     8 | D        | Found the +15 Maxwell's patent armour {-Cast -Tele rElec
                  | MR+ rCorr}
     8 | D        | Found the +18 shield of the Gong {rElec rN+ MR+ EV-5}
     8 | D        | Found the cursed +14 obsidian axe {chop, +Fly SInv *Curse}
    14 | D        | Found the +6 shillelagh "Devastator" {shatter}
    14 | D        | Found the +11 plutonium sword {*Contam Stlth-}
    14 | D        | Found the +8 lance "Wyrmbane" {slay drac, rPois rF+ rC+
                  | AC+3}
    14 | D        | Found the +9 sword of Zonguldrok {reap}
    14 | D        | Found the cursed +13 scythe of Curses {drain, *Curse}
    14 | D        | Found the +0 sword of Power
    14 | D        | Found the +7 mace of Variability {chain chaos}
    14 | D        | Found the +7 Singing Sword
    79 | D        | Became a worshipper of Gozag Ym Sagoz the Greedy
    88 | D        | Entered arena 2.
    88 | D        | Noticed a black bear
    88 | D        | Noticed a black bear
    88 | D        | Found a transporter.
    93 | D        | Killed a black bear
    93 | D        | Reached skill level 5 in Fighting
    93 | D        | Reached skill level 5 in Armour
    93 | D        | Reached skill level 5 in Shields
    93 | D        | Gained mutation: You have a pair of small horns on your
                  | head. [demonic ancestry]
    93 | D        | Reached XP level 2. HP: 27/28 MP: 2/2
    93 | D        | Gained mutation: You are immune to rotting. [demonic
                  | ancestry]
    93 | D        | Reached XP level 3. HP: 33/34 MP: 3/3
    93 | D        | Gained mutation: You are surrounded by a mild repulsion
                  | field. (EV +2) [demonic ancestry]
    93 | D        | Reached XP level 4. HP: 39/40 MP: 4/4
    95 | D        | Killed a black bear
    95 | D        | Reached skill level 6 in Shields
    95 | D        | Gained mutation: You have a pair of horns on your head.
                  | [demonic ancestry]
    95 | D        | Reached XP level 5. HP: 46/48 MP: 5/5
   105 | D        | Entered arena 3.
   105 | D        | Noticed a naga
   105 | D        | Found a transporter.
   106 | D        | Found the +10 zealot's sword {holy, *Rage rN+ EV+3}
   110 | D        | Killed a naga
   110 | D        | Reached skill level 7 in Shields
   110 | D        | Gained mutation: You are partially covered in sharp spines.
                  | [demonic ancestry]
   110 | D        | Reached XP level 6. HP: 57/57 MP: 6/6
   123 | D        | Entered arena 4.
   123 | D        | Found a transporter.
   124 | D        | Found the +7 great mace "Undeadhunter" {disrupt, rN+}
   124 | D        | Found the +9 scales of the Dragon King {rPois rF+ rC+ MR+}
   126 | D        | Reached skill level 8 in Shields
   129 | D        | Reached skill level 9 in Shields
   129 | D        | Reached XP level 7. HP: 65/65 MP: 7/7
   137 | D        | Reached skill level 10 in Fighting
   171 | D        | Entered arena 5.
   171 | D        | Noticed a jumping spider
   171 | D        | Found a transporter.
   183 | D        | Killed a jumping spider
   183 | D        | Reached skill level 10 in Shields
   183 | D        | Reached XP level 8. HP: 74/74 MP: 8/8
   199 | D        | Entered arena 6.
   199 | D        | Noticed a deep elf mage
   199 | D        | Noticed a deep elf death mage
   199 | D        | Noticed a short sword of electrocution
   199 | D        | Found a transporter.
   205 | D        | Killed a deep elf death mage
   205 | D        | Reached skill level 11 in Shields
   205 | D        | Reached skill level 1 in Evocations
   205 | D        | Killed a short sword of electrocution
   205 | D        | Reached skill level 10 in Armour
   205 | D        | Reached skill level 12 in Shields
   205 | D        | Reached XP level 9. HP: 58/82 MP: 8/10
   208 | D        | Killed a deep elf mage
   208 | D        | Reached skill level 13 in Shields
   341 | D        | Entered arena 7.
   341 | D        | Noticed a spriggan druid
   341 | D        | Noticed a spriggan rider
   342 | D        | Found a transporter.
   345 | D        | Reached skill level 1 in Spellcasting
   358 | D        | Killed a spriggan druid
   358 | D        | Reached skill level 14 in Shields
   358 | D        | Gained mutation: You have a pair of large horns on your
                  | head. [demonic ancestry]
   358 | D        | Reached XP level 10. HP: 92/92 MP: 12/15
   386 | D        | Entered arena 8.
   400 | D        | Found a transporter.
   428 | D        | Got the Catalogue of Poison
   588 | D        | Entered arena 9.
   588 | D        | Noticed a shining eye
   588 | D        | Noticed an eye of devastation
   588 | D        | Noticed an eye of devastation
   588 | D        | Noticed a death yak
   588 | D        | Noticed a spiny frog
   590 | D        | Found a transporter.
   594 | D        | Killed a spiny frog
   594 | D        | Paralysed by a floating eye for 3 turns
   600 | D        | Killed a shining eye
   604 | D        | Killed a death yak
   604 | D        | Reached skill level 15 in Shields
   604 | D        | Reached skill level 5 in Spellcasting
   607 | D        | Killed an eye of devastation
   612 | D        | Killed an eye of devastation
   632 | D        | Got the ring "Qeosoun" {rC+ MP+9 Slay+6}
   637 | D        | Got the Disquisition on Air
   848 | D        | Entered arena 10.
   848 | D        | Noticed a cyclops
   850 | D        | Found a transporter.
   862 | D        | Reached XP level 11. HP: 97/99 MP: 20/20
   863 | D        | Reached skill level 16 in Shields
   893 | D        | Got The Lost Incunabulum of Boris
   897 | D        | Learned a level 2 spell: Swiftness
   974 | D        | Entered arena 11.
   974 | D        | Noticed a hell hog
   974 | D        | Noticed a hell hog
   974 | D        | Noticed a hell hog
   979 | D        | Killed a hell hog
   989 | D        | Killed a hell hog
   990 | D        | Killed a hell hog
   994 | D        | Found a transporter.
  1031 | D        | Got Sif Muna's Tome of Assistive Lightness
  1233 | D        | Entered arena 12.
  1233 | D        | Noticed a shadow dragon
  1235 | D        | Found the +3 crown of Dyrovepreva {rElec Int+2 SInv}
  1253 | D        | Killed a shadow dragon
  1253 | D        | Reached skill level 17 in Shields
  1254 | D        | Found a transporter.
  1516 | D        | Entered arena 13.
  1516 | D        | Noticed a soul eater
  1516 | D        | Noticed a soul eater
  1516 | D        | Noticed a soul eater
  1516 | D        | Noticed a soul eater
  1517 | D        | Noticed a ghoul
  1517 | D        | Noticed a soul eater
  1519 | D        | Found a transporter.
  1522 | D        | Killed a soul eater
  1525 | D        | Killed a soul eater
  1528 | D        | Killed a soul eater
  1528 | D        | Reached skill level 5 in Evocations
  1531 | D        | Killed a soul eater
  1532 | D        | Killed a soul eater
  1539 | D        | Killed a ghoul
  1539 | D        | Reached XP level 12. HP: 90/108 MP: 25/25
  1613 | D        | Entered arena 14.
  1614 | D        | Noticed a spriggan defender
  1614 | D        | Noticed a dire elephant
  1614 | D        | Noticed a spriggan air mage
  1614 | D        | Noticed a satyr
  1614 | D        | Noticed a satyr
  1615 | D        | Found the +7 Kryia's mail coat {PotionHeal*2 rC+}
  1615 | D        | Noticed a satyr
  1615 | D        | Noticed a spriggan air mage
  1617 | D        | Noticed a satyr
  1621 | D        | Killed a satyr
  1621 | D        | Killed a spriggan defender
  1621 | D        | Reached skill level 5 in Air Magic
  1621 | D        | Reached skill level 18 in Shields
  1622 | D        | Killed a spriggan air mage
  1626 | D        | Killed a satyr
  1626 | D        | Killed a spriggan air mage
  1626 | D        | Reached skill level 10 in Spellcasting
  1628 | D        | Killed a satyr
  1628 | D        | Reached skill level 15 in Fighting
  1628 | D        | Killed a satyr
  1630 | D        | Killed a dire elephant
  1662 | D        | Found the +3 Elemental Staff {rElec rF++ rC++ MR++ AC+5}
  1663 | D        | Found a transporter.
  1754 | D        | Entered arena 15.
  1755 | D        | Noticed a vault guard
  1755 | D        | Noticed a vault guard
  1755 | D        | Noticed a shadow dragon
  1755 | D        | Noticed a vault guard
  1755 | D        | Noticed a vault guard
  1755 | D        | Noticed a vault guard
  1755 | D        | Noticed a vault guard
  1756 | D        | Noticed a vault guard
  1756 | D        | Noticed a vault guard
  1758 | D        | Noticed a vault guard
  1763 | D        | Noticed a vault guard
  1765 | D        | Killed a vault guard
  1765 | D        | Killed a vault guard
  1765 | D        | Killed a vault guard
  1766 | D        | Killed a vault guard
  1768 | D        | Killed a vault guard
  1768 | D        | Reached skill level 19 in Shields
  1768 | D        | Reached XP level 13. HP: 73/116 MP: 27/27
  1781 | D        | Killed a shadow dragon
  1784 | D        | Reached skill level 10 in Evocations
  1790 | D        | Got the ring of Vacitoh {rCorr rF+ rN+ Str-3}
  1801 | D        | Found a transporter.
  1904 | D        | Entered arena 16.
  1905 | D        | Noticed a cacodemon
  1905 | D        | Noticed Viupuela the pandemonium lord
  1905 | D        | Noticed a green death
  1905 | D        | Noticed Zidwaj the pandemonium lord
  1905 | D        | Noticed Jubene Pimy the pandemonium lord
  1905 | D        | Noticed an infernal blood saint
  1913 | D        | Killed a green death
  1930 | D        | Killed Viupuela the pandemonium lord
  1930 | D        | Killed a cacodemon
  1933 | D        | Killed Jubene Pimy the pandemonium lord
  1933 | D        | Reached skill level 15 in Armour
  1938 | D        | Killed an infernal blood saint
  1938 | D        | Reached skill level 20 in Shields
  1938 | D        | Reached skill level 10 in Air Magic
  1955 | D        | HP: 1/117 [Zidwaj the pandemonium lord (36)]
  1965 | D        | Found the +7 longbow "Piercer" {penet, EV-2}
  1965 | D        | Annihilated by Zidwaj the pandemonium lord

Skill      XL: |  1  2  3  4  5  6  7  8  9 10 11 12 13 |
---------------+----------------------------------------+-----
Fighting       | 5 7 8 9 10 12 13 14 15 | 15.7
Armour         | 5 6 7 8 10 11 13 14 15 | 15.1
Shields        | 5 6 7 9 10 12 14 15 17 19 20 | 20.0
Evocations     | 2 3 5 8 12 | 12.2
Spellcasting   | 3 6 9 10 12 | 12.5
Air Magic      | 4 7 10 | 10.1
Long Blades    | |  1.7

Action                   |  1- 3 |  4- 6 |  7- 9 | 10-12 | 13-15 || total
-------------------------+-------+-------+-------+-------+-------++-------
Melee: Double sword      |     4 |    14 |    40 |    94 |    35 ||   187
       Headbutt          |       |     3 |     7 |    24 |     7 ||    41
Invok: Potion Petition   |       |       |       |     4 |     8 ||    12
Evoke: Lightning rod     |       |       |     1 |    16 |    10 ||    27
       Lamp of fire      |       |       |     1 |     5 |     2 ||     8
       Sack of spiders   |       |       |       |     5 |       ||     5
       Wand              |       |       |       |     2 |     1 ||     3
       Phial of floods   |       |       |       |       |     3 ||     3
  Use: Potion            |       |       |       |     6 |     6 ||    12
 Stab: Invisible         |       |       |       |     2 |       ||     2
       Distracted        |       |       |       |     1 |       ||     1
  Eat: Ration            |       |       |       |     1 |       ||     1
Armor: Plate armour      |    14 |     7 |       |       |       ||    21
       Gold dragon scale |       |       |    39 |    89 |    21 ||   149
Dodge: Dodged            |     1 |     1 |     2 |     7 |     5 ||    16
Block: Shield            |    14 |    29 |    88 |   198 |    73 ||   402
       Rpst.: Double sword |       |       |       |     3 |     1 ||     4
